 Dungeon Crawl Stone Soup version 0.30.1-11-g7821555f0a (webtiles) character file.

Game seed: 2049189266882020703

1773 SacredBeard the Grave Robber (level 8, -3/61 HPs)
             Began as a Demonspawn Necromancer on Nov 27, 2023.
             Slain by a wraith (6 damage)
             ... on level 7 of the Dungeon.
             The game lasted 00:16:40 (8620 turns).

SacredBeard the Grave Robber (DsNe)                 Turns: 8620, Time: 00:16:46

Health: -3/61      AC:  6    Str:  9    XL:     8   Next: 80%
Magic:  13/13      EV: 11    Int: 19    God:
Gold:   384        SH:  0    Dex: 13    Spells: 13/14 levels left

rFire   . . .        e - +1 dagger (venom)
rCold   . . .        (no shield)
rNeg    . . .        l - +2 leather armour {rPois}
rPois   +            (helmet restricted)
rElec   .            (no cloak)
rCorr   +            I - +0 pair of gloves
SInv    .            (no boots)
Will    .....        (no amulet)
Stlth   ++           r - ring of resist corrosion
HPRegen 0.30/turn    (no ring)
MPRegen 0.13/turn

%: no passive effects
@: slowed, very slow
A: hooves 1, horns 2, powered by death 1
a: no special abilities


You were on level 7 of the Dungeon.
You visited 2 branches of the dungeon, and saw 8 of its levels.

You collected 406 gold pieces.
You spent 22 gold pieces at shops.

Inventory:

Hand Weapons
 e - a +1 dagger of venom (weapon)
 F - a +0 spear
Missiles
 j - 15 stones
 n - 4 atropa-tipped darts
 z - 6 javelins
 H - 11 poisoned darts
Armour
 l - a +2 leather armour of poison resistance (worn)
 v - a +2 robe of fire resistance
 I - a +0 pair of gloves (worn)
Jewellery
 r - a ring of resist corrosion (left hand)
 G - a ring of poison resistance
 K - a ring of magical power
Wands
 w - a wand of light (11)
 B - a wand of paralysis (4)
Scrolls
 a - 9 scrolls of identify
 c - a scroll of noise {unknown}
 h - 6 scrolls of fear {unknown}
 i - a scroll of enchant weapon {unknown}
 m - 2 scrolls of magic mapping {unknown}
 p - 2 scrolls of acquirement {unknown}
 s - 3 scrolls of poison {unknown}
 x - a scroll of butterflies {unknown}
 y - a scroll of teleportation {unknown}
 C - a scroll of blinking {unknown}
 D - a scroll of amnesia {unknown}
 J - a scroll of enchant armour {unknown}
Potions
 b - 3 potions of magic
 d - 4 potions of mutation
 f - a potion of lignification {unknown}
 g - 2 potions of attraction {unknown}
 k - a potion of might {unknown}
 o - 3 potions of invisibility {unknown}
 q - 2 potions of brilliance {unknown}
 t - 2 potions of flight
 u - a potion of curing {unknown}
 A - 3 potions of heal wounds {unknown}
 E - a potion of resistance {unknown}


   Skills:
 + Level 4.6 Fighting
 - Level 2.0 Throwing
 - Level 2.0 Armour
 - Level 2.0 Dodging
 - Level 3.0 Stealth
 + Level 3.7 Spellcasting
 - Level 6.0 Summonings
 - Level 7.0 Necromancy
 - Level 3.0 Evocations


You had 13 spell levels left.
You knew the following spells:

 Your Spells              Type           Power      Damage    Failure   Level
a - Necrotise             Necr           100%       1d9       1%          1

Your spell library contained the following spells:

 Spells                   Type           Power      Damage    Failure   Level
 Vampiric Draining        Necr           30%        2d8       3%          3
 Animate Dead             Necr           30%        N/A       11%         4
 Apportation              Tloc           6%         N/A       19%         1
 Agony                    Necr           30%        N/A       30%         5
 Tukima's Dance           Hex            3%         N/A       50%         3
 Passage of Golubria      Tloc           3%         N/A       88%         4
 Petrify                  Tmut/Erth      3%         N/A       88%         4
 Alistair's Intoxication  Tmut/Pois      2%         N/A       99%         5
 Metabolic Englaciation   Hex/Ice        1%         N/A       99%         5
 Yara's Violent Unravell  Hex/Tmut       1%         3d3       99%         5
 Statue Form              Tmut/Erth      2%         N/A       100%        6
 Malign Gateway           Summ/Tloc      7%         N/A       100%        7
 Summon Horrible Things   Summ           13%        N/A       100%        8


Dungeon Overview and Level Annotations

Branches:
Dungeon (7/15) Zot: 26898  Temple (1/1) D:5 Zot: 5837

Altars:
Ashenzari
Cheibriados
Dithmenos
Fedhas
Hepliaklqana
Makhleb
Nemelex Xobeh
Okawaru
Trog
Uskayaw
Wu Jian
Xom
Yredelemnul

Shops:
D:2 ?   D:4 :


Innate Abilities, Weirdness & Mutations

You have large cloven feet.
You have a pair of horns on your head.
You regenerate a little health from kills.


Message History

You barely miss the wraith. You kick the wraith, but do no damage.
The wraith is lightly damaged.
The wraith completely misses you.
You hit the wraith but do no damage.
The wraith is lightly damaged.
The wraith barely misses you. The wraith hits you but does no damage.
You hit the wraith but do no damage.
The wraith is lightly damaged.
The wraith hits you but does no damage.
You closely miss the wraith.
You headbutt the wraith, but do no damage.
The wraith is lightly damaged.
The wraith hits you! The wraith drains your vigour!
You feel as though you will be slow longer.
The wraith hits you. The wraith drains your vigour!
You feel as though you will be slow longer.
You hit the wraith but do no damage. Your kick misses the wraith.
You headbutt the wraith, but do no damage.
The wraith is lightly damaged.
The wraith barely misses you.
You hit the wraith but do no damage. You headbutt the wraith.
The wraith is lightly damaged.
The wraith hits you! The wraith drains your vigour!
You feel as though you will be slow longer.
The wraith hits you! The wraith drains your vigour!
You feel as though you will be slow longer.
You closely miss the wraith. Your kick misses the wraith.
The wraith is lightly damaged.
The wraith hits you!
* * * LOW HITPOINT WARNING * * *
The wraith drains your vigour!
You feel as though you will be slow longer.
You hit the wraith. Your kick misses the wraith.
The wraith is moderately damaged.
The wraith hits you!
* * * LOW HITPOINT WARNING * * *
The wraith drains your vigour!
You feel as though you will be slow longer.
The wraith hits you.
You die...

###....# ##.....## ##
##......# #. ##......##
###.####......## #
###............## ###.
.............### ##...
..............######....
..#W@.........##.....
#..#####........... ##.#
######...... #..
#....... #.. #.......
##.# ####.... .. ####.
#. ## # #


You could see a wraith.

Vanquished Creatures
  3 ice beasts
  3 ogres
  A centaur (D:6)
  2 phantoms
  2 bullfrogs (D:6)
  6 scorpions
  2 jellies
  A hound (D:6)
  A gnoll bouda (D:4)
  An orc priest (D:4)
  Jessica (D:3)
  3 iguanas
  An orc wizard (D:5)
  4 gnolls
  7 adders
  2 shadow imps (D:6)
  A white imp (D:6)
  2 worms
  3 dart slugs
  9 orcs
  8 ball pythons
  5 endoplasms
  8 giant cockroaches
  7 goblins
  10 hobgoblins
  4 jackals (D:4)
  16 kobolds
  4 quokkas
  6 bats
  3 frilled lizards
  17 rats
143 creatures vanquished.

Vanquished Creatures (collateral kills)
  An orc (D:4)
  2 goblins
3 creatures vanquished.

Grand Total: 146 creatures vanquished

Notes
Turn   | Place    | Note
-------+----------+-------------------------------------------
     0 | D:1      | SacredBeard the Demonspawn Necromancer began the quest for
                  | the Orb.
     0 | D:1      | Reached XP level 1. HP: 13/13 MP: 3/3
    18 | D:1      | Gained mutation: You regenerate a little health from kills.
                  | [demonic ancestry]
    18 | D:1      | Reached XP level 2. HP: 4/19 MP: 0/5
   821 | D:1      | Discovered your monstrous ancestry.
   821 | D:1      | Gained mutation: You have large cloven feet. [demonic
                  | ancestry]
   821 | D:1      | Reached XP level 3. HP: 25/25 MP: 0/6
  1283 | D:2      | Reached skill level 1 in Fighting
  1283 | D:2      | Reached skill level 1 in Evocations
  1594 | D:2      | Found a faded altar of an unknown god.
  1934 | D:2      | Reached skill level 1 in Armour
  1934 | D:2      | Reached XP level 4. HP: 32/32 MP: 1/7
  1998 | D:2      | Reached skill level 5 in Necromancy
  2172 | D:2      | Found Fienim's Magic Scroll Boutique.
  2175 | D:2      | Bought a scroll of identify for 22 gold pieces
  2456 | D:2      | Reached skill level 1 in Throwing
  3403 | D:3      | Noticed Jessica
  3406 | D:3      | Killed Jessica
  3717 | D:4      | Found a burning altar of Makhleb.
  3717 | D:4      | Found a basalt altar of Yredelemnul.
  3718 | D:4      | Found a bloodstained altar of Trog.
  3830 | D:4      | Reached XP level 5. HP: 21/37 MP: 1/8
  4087 | D:4      | Noticed an ogre
  4368 | D:4      | Gained mutation: You have a pair of small horns on your
                  | head. [demonic ancestry]
  4368 | D:4      | Reached XP level 6. HP: 39/44 MP: 0/9
  4606 | D:4      | Found a shadowy altar of Dithmenos.
  4781 | D:4      | Reached skill level 6 in Necromancy
  5420 | D:4      | Found Bysiez's Tremendous Tomes.
  5621 | D:5      | Entered Level 5 of the Dungeon
  5722 | D:5      | Noticed an ice beast
  5729 | D:5      | Killed an ice beast
  5730 | D:5      | Gained mutation: You have a pair of horns on your head.
                  | [demonic ancestry]
  5730 | D:5      | Reached XP level 7. HP: 51/51 MP: 4/10
  6039 | D:5      | Found a staircase to the Ecumenical Temple.
  6048 | Temple   | Entered the Ecumenical Temple
  6067 | Temple   | Reached skill level 7 in Necromancy
  6067 | Temple   | Reached skill level 1 in Summonings
  6537 | D:5      | Reached XP level 8. HP: 58/58 MP: 5/11
  6849 | D:5      | Found an iron altar of Okawaru.
  7050 | D:4      | Reached skill level 5 in Summonings
  8620 | D:7      | HP: 3/61 [wraith (9)]
  8620 | D:7      | Slain by a wraith

Illustrated notes

Levels and vault maps discovered:
D:1:      roderic_crop_circles_arrival_small, layout_loops_ring,
          lexackson_kobold_supper
D:2:      layout_basic, serial_shops, nicolae_shop_rolled_up,
          serial_corexii_hall, corexii_hall_statues_x,
          chequers_hall_statues_corner_a, hellmonk_ecumenical_altar_crossroads,
          minmay_small_reverse_x
D:3:      layout_loops_ring, uniq_jessica
D:4:      minmay_thinvault, layout_basic,
          nicolae_dithmenos_through_a_glass_darkly,
          chequers_temple_overflow_statue_of_worship,
          nicolae_shop_i_like_big_books
D:5:      layout_loops_ring, mainiacjoe_overflow_small_starburst,
          minmay_temple_entry_grid
D:6:      layout_basic
D:7:      layout_cave_pods, mainiacjoe_overflow_chevrons, serial_shops,
          kennysheep_mini_moat, reono_crystal_passage
Temple:   eino_wide_crystal_templ

Skill      XL: |  1  2  3  4  5  6  7  8 |
---------------+-------------------------+-----
Stealth        | 2 3 |  3.0
Dodging        | 2 |  2.0
Fighting       | 1 2 3 4 |  4.6
Evocations     | 1 2 3 |  3.0
Armour         | 1 2 |  2.0
Necromancy     | 5 6 7 |  7.0
Throwing       | 1 2 |  2.0
Summonings     | 4 6 |  6.0
Spellcasting   | 3 |  3.7

Action                     |  1- 3 |  4- 6 |  7- 9 || total
---------------------------+-------+-------+-------++-------
  Melee: Unarmed           |     4 |       |       ||     4
         Dagger            |    21 |    15 |    77 ||   113
         Kick              |     4 |     6 |    23 ||    33
         Punch             |     1 |       |     1 ||     2
         Headbutt          |       |     2 |    15 ||    17
  Throw: Stone             |     1 |       |    19 ||    20
   Cast: Necrotise         |    80 |   132 |   110 ||   322
    Use: Scroll            |       |     2 |       ||     2
 Armour: Robe              |     3 |     6 |       ||     9
         Leather armour    |       |     4 |    24 ||    28
  Dodge: Dodged            |    21 |    22 |    45 ||    88
